 Dungeon Crawl Stone Soup version 0.21.1-1-g345015fe64 (webtiles) character file.

88 LevaFresel the Skirmisher (level 4, 0/35 HPs)
             Began as a Human Fighter on June 15, 2018.
             Slain by a sky beast (5 damage)
             ... on level 2 of the Dungeon.
             The game lasted 00:03:52 (2109 turns).

LevaFresel the Skirmisher (Human Fighter)           Turns: 2109, Time: 00:03:52

Health: 0/35       AC:  6    Str: 22    XL:     4   Next: 81%
Magic:  4/4        EV:  8    Int:  8    God:
Gold:   151        SH:  9    Dex: 13    Spells: 3/3 levels left

rFire    . . .     SeeInvis .   a - +0 war axe
rCold    . . .     Gourm    .   c - +0 shield
rNeg     . . .     Faith    .   b - +0 scale mail
rPois    .         Spirit   .   (no helmet)
rElec    .         Reflect  .   (no cloak)
rCorr    .         Harm     .   (no gloves)
MR       .....                  (no boots)
Stlth    ..........             (no amulet)
HPRegen  0.11/turn              (no ring)
MPRegen  0.09/turn              (no ring)

@: mighty
A: no striking features
a: no special abilities


You were on level 2 of the Dungeon.
You were hungry.

You visited 1 branch of the dungeon, and saw 2 of its levels.

You collected 151 gold pieces.

Inventory:

Hand Weapons
 a - a +0 war axe (weapon)
Armour
 b - a +0 scale mail (worn)
 c - a +0 shield (worn)
Jewellery
 h - an uncursed ring of flight {unknown}
Scrolls
 g - a scroll of fog {unknown}
 i - 2 scrolls of random uselessness {unknown}
 j - a scroll of amnesia {unknown}
 k - a scroll of magic mapping {unknown}
 m - 5 scrolls of identify {unknown}
 o - 3 scrolls of remove curse {unknown}
 p - 2 scrolls of noise {unknown}
Potions
 e - a potion of lignification {unknown}
 l - a potion of cancellation {unknown}
 n - a potion of curing {unknown}
 q - 2 potions of haste {unknown}
Comestibles
 f - 2 rations


   Skills:
 + Level 3.4 Fighting
 * Level 3.1 Axes
 + Level 3.4 Armour
 + Level 1.3 Dodging
 + Level 3.3 Shields


You had 3 spell levels left.
You didn't know any spells.

Dungeon Overview and Level Annotations

Branches:
Dungeon (2/15)

Altars:


Message History

A sky beast appears from thin air!
Reactivating autopickup.
The sky beast hits you but does no damage.
You closely miss the sky beast.
The sky beast is moderately wounded.
The sky beast hits you but does no damage.
You closely miss the sky beast.
The sky beast is moderately wounded.
The sky beast flickers out of sight!
Deactivating autopickup; reactivate with Ctrl-A.
You block something's attack. Something hits you. Something shocks you.
* * * LOW HITPOINT WARNING * * *
You miss something. Something hits you but does no damage.
You miss something. Something hits you but does no damage.
Something completely misses you.
You slash something! Something completely misses you.
You miss something. Something hits you.
* * * LOW HITPOINT WARNING * * *
Something shocks you.
You die...

#.##.#
#...........>..........#
# #.##.#
#...#####.############.#
# #.##.# ##### #.# #.# #
#.##.# #.# #.# # .<##.#
#.# #.# # .###.# #.# #.#
# ..##.# #.# #.# #
..##.# #.# ###.###
#.##.# #@# #.....#
#.##.# #..{..#
#######.#.#.# .....#
#.....# #...)........
#.###########.....#
#.#####.#.#.#
..........(##.....# #.#
#......
..########.##.....# #.#
##..... #.####
#.####.### #.# #...#.
#....# ##.####.# #.#
#####. #.##.# #.....#.#
#.# #..


There were no monsters in sight!

Vanquished Creatures
  2 adders (D:2)
  An ooze (D:1)
  2 worms (D:2)
  5 dart slugs
  8 bats
  3 giant cockroaches
  8 goblins
  6 hobgoblins
  5 frilled lizards
  7 kobolds
  3 rats
50 creatures vanquished.

Notes
Turn   | Place    | Note
-------+----------+-------------------------------------------
     0 | D:1      | LevaFresel the Human Fighter began the quest for the Orb.
     0 | D:1      | Reached XP level 1. HP: 18/18 MP: 1/1
    95 | D:1      | You fall through a shaft!
    96 | D:2      | Reached XP level 2. HP: 24/24 MP: 2/2
   385 | D:2      | Reached XP level 3. HP: 24/29 MP: 3/3
   597 | D:1      | Reached skill level 1 in Dodging
   782 | D:1      | Reached XP level 4. HP: 33/35 MP: 4/4
  2097 | D:2      | Noticed a sky beast
  2109 | D:2      | Slain by a sky beast

Skill      XL: |  1  2  3  4 |
---------------+-------------+-----
Dodging        | 1 |  1.3
Axes           | 3 |  3.1
Fighting       | |  3.4
Armour         | |  3.4
Shields        | |  3.3

Action                   |  1- 3 |  4- 6 || total
-------------------------+-------+-------++-------
Melee: War axe           |    98 |    83 ||   181
  Use: Potion            |       |     1 ||     1
  Eat: Ration            |       |     1 ||     1
Armor: Scale mail        |    34 |    42 ||    76
Dodge: Dodged            |    34 |    32 ||    66
Block: Shield            |    54 |    54 ||   108
